 Dungeon Crawl Stone Soup version 0.20.1-1-g8b1a95d (webtiles) character file.

2095 letownia2 the Reanimator (level 9, -3/79 HPs)
             Began as a Deep Dwarf Necromancer on Nov 1, 2017.
             Was an Initiate of Gozag.
             Slain by Menkaure (16 damage)
             ... on level 7 of the Dungeon.
             The game lasted 00:21:44 (6773 turns).

letownia2 the Reanimator (Deep Dwarf Necromancer)   Turns: 6773, Time: 00:21:45

Health: -3/79      AC: 10    Str: 13    XL:     9   Next: 7%
Magic:  14/19      EV: 11    Int: 28    God:    Gozag
Gold:   721        SH:  0    Dex: 13    Spells: 18/22 levels left

rFire    . . .     SeeInvis +   a - +6 dagger "Igearphoaj" {freeze, rElec rC- Int+6 SInv}
rCold    . . .     Gourm    .   (no shield)
rNeg     . . .     Faith    .   g - +0 ring mail
rPois    .         Spirit   .   E - +0 helmet
rElec    +         Reflect  .   r - scarf {repulsion}
rCorr    .         Harm     .   t - +2 pair of gloves
MR       +....                  F - +0 pair of boots
Stlth    +.........             (no amulet)
Regen    0.0/turn               i - ring of protection from cold
MPRegen  0.2/turn               H - +4 ring of intelligence

@: non-regenerating, repel missiles
A: damage resistance, heal wounds, sense surroundings 2, no regeneration
a: Heal Wounds, Potion Petition, Call Merchant, Bribe Branch, Renounce Religion


You were on level 7 of the Dungeon.
You worshipped Gozag.
Gozag was pleased with you.
You were hungry.

You visited 2 branches of the dungeon, and saw 8 of its levels.
You also visited: Ossuary.

You collected 806 gold pieces.
You paid 85 gold pieces to Gozag.

Inventory:

Hand Weapons
 a - the +6 dagger "Igearphoaj" (weapon) {freeze, rElec rC- Int+6 SInv}
   (You found it on level 4 of the Dungeon)

   It has been specially enchanted to freeze those struck by it, causing extra
   injury to most foes and up to half again as much damage against particularly
   susceptible opponents.
   It can also slow down cold-blooded creatures.
   It affects your intelligence (+6).
   It makes you vulnerable to cold.
   It insulates you from electricity.
   It lets you see invisible.
 l - a +0 hand axe
 u - a +0 hand axe
 N - a +0 hand axe of flaming
 Q - a +0 hunting sling of velocity
Missiles
 k - 30 sling bullets
 m - 13 javelins (quivered)
 P - 21 poisoned needles
Armour
 g - a +0 ring mail (worn)
 r - a scarf of repulsion (worn)
 t - a +2 pair of gloves (worn)
 E - a +0 helmet (worn)
 F - a +0 pair of boots (worn)
Jewellery
 e - an uncursed ring of stealth
 i - a ring of protection from cold (left hand)
 H - a +4 ring of intelligence (right hand)
Wands
 s - a wand of acid (3/15)
Scrolls
 h - 3 scrolls of identify
 j - 5 scrolls of remove curse
 p - a scroll of enchant weapon {unknown}
 w - a scroll of immolation {unknown}
 y - a scroll of magic mapping
 z - a scroll of blinking
 B - 8 scrolls of amnesia {unknown}
 I - a scroll of brand weapon {unknown}
 J - 2 scrolls of fear {unknown}
 K - 3 scrolls of teleportation {unknown}
 R - a scroll of fog {unknown}
Potions
 f - 2 potions of ambrosia {unknown}
 n - 4 potions of curing
 o - 2 potions of cancellation {unknown}
 q - 3 potions of brilliance {unknown}
 x - a potion of mutation {unknown}
 A - 3 potions of flight {unknown}
 C - a potion of lignification {unknown}
 D - 2 potions of heal wounds {unknown}
 G - 2 potions of might
 L - a potion of agility {unknown}
 M - 3 potions of degeneration {unknown}
 O - a potion of resistance {unknown}
Books
 b - a book of Necromancy

   Spells                             Type                      Level
   a - Pain                           Necromancy                   1
   b - Animate Skeleton               Necromancy                   1
   c - Vampiric Draining              Necromancy                   3
   d - Regeneration                   Charms/Necromancy            3
   e - Animate Dead                   Necromancy                   4
   f - Control Undead                 Necromancy                   4
Comestibles
 c - 6 bread rations
 d - 5 meat rations
 v - a royal jelly


   Skills:
 - Level 4.4 Fighting
 - Level 1.8 Armour
 - Level 2.1 Dodging
 - Level 2.4 Stealth
 + Level 7.1 Spellcasting
 - Level 8.6 Necromancy


You had 18 spell levels left.
You knew the following spells:

 Your Spells              Type           Power        Failure   Level  Hunger
a - Pain                  Necr           ####         1%          1    None
v - Vampiric Draining     Necr           ######....   1%          3    None


Dungeon Overview and Level Annotations

Branches:
Dungeon (7/15)             Temple (1/1) D:6

Altars:
Ashenzari
Cheibriados
Dithmenos
Elyvilon
Fedhas
Gozag
Kikubaaqudgha
Makhleb
Nemelex Xobeh
Okawaru
Qazlal
Ru
Sif Muna
Trog
Uskayaw
Vehumet
Xom
The Shining One

Annotations:
D:3 Regeox's ghost, amateur HOGl
D:6 4 exclusions
D:7 Menkaure


Innate Abilities, Weirdness & Mutations

You are resistant to damage.
You can heal yourself by infusing magical energy.
You passively map the area around you.
You do not regenerate.


Message History

Your body is wracked with pain!
* * * LOW HITPOINT WARNING * * *
You barely miss Menkaure.
Menkaure is moderately damaged.
Menkaure calls on the powers of darkness!
Your body is wracked with pain!
* * * LOW HITPOINT WARNING * * *
You hit Menkaure. You freeze Menkaure.
Menkaure is heavily damaged.
Menkaure barely misses you.
Unknown command.
Your ring mail prevents you from hitting Menkaure.
Menkaure is heavily damaged.
Menkaure hits you but does no damage.
Unknown command.
You barely miss Menkaure.
Menkaure is heavily damaged.
Menkaure hits you!
You die...
Your body crumbles into a pile of gold.

#. , , .....# , * .#. ,**
.....# , ,* ... * ,....
,, , # #.#######* ...#**
, , *#.#.......##.#..# *,
$ #.#..<.......#..# *,,
##.#.......#* #..# * ,
..#..........####M.####.
...........>.#..@.......#
.##.##.........##..######
., ,##.......#....># * #
###..##.#..####.... * #
#...###.#.##* ##.#..
###.........###. ,....#
.##..####.###.. * ..###
..#..# ##.###.# *,...
#....###...... , .


You could see Menkaure.

Vanquished Creatures
  A hippogriff (D:7)
  Sigmund (D:2)
  2 ogres (D:5)
  3 phantoms
  A centaur (D:6)
  A bullfrog (D:7)
  A scorpion (D:4)
  A crimson imp (D:6)
  A centaur zombie (D:6)
  6 bullfrog zombies (Ossuary)
  4 hounds
  2 orc wizards (D:6)
  3 centaur skeletons
  An iguana (D:6)
  12 mummies (Ossuary)
  Natasha (thrice) (D:2)
  3 worker ants
  3 hound zombies (Ossuary)
  A hound skeleton (D:5)
  3 howler monkey zombies (Ossuary)
  Robin (D:2)
  6 adders
  A shadow imp (D:6)
  2 oozes (D:1)
  4 adder zombies
  An adder skeleton (D:7)
  6 dart slugs
  5 leopard geckos
  10 orcs
  9 giant cockroaches
  6 goblins
  9 hobgoblins
  4 jackals
  2 quokkas
  A ball python (D:6)
  A ball python skeleton (D:4)
  6 bats
  5 frilled lizards
  A jackal zombie (Ossuary)
  A leopard gecko skeleton (D:4)
  2 leopard gecko zombies (Ossuary)
  2 quokka zombies
  9 rats
147 creatures vanquished.

Vanquished Creatures (others)
  A human (D:2)
1 creature vanquished.

Grand Total: 148 creatures vanquished

Notes
Turn   | Place    | Note
-------+----------+-------------------------------------------
     0 | D:1      | letownia2 the Deep Dwarf Necromancer began the quest for the Orb.
     0 | D:1      | Reached XP level 1. HP: 15/15 MP: 3/3
   204 | D:1      | Reached XP level 2. HP: 13/22 MP: 1/5
   326 | D:2      | Noticed Sigmund
   374 | D:1      | Reached skill level 5 in Necromancy
   603 | D:2      | Noticed Robin
   656 | D:2      | Reached XP level 3. HP: 16/28 MP: 2/6
   661 | D:2      | Learned a level 3 spell: Vampiric Draining
   776 | D:2      | Noticed Natasha
   940 | D:2      | Killed Natasha
  1091 | D:3      | Reached XP level 4. HP: 22/36 MP: 3/7
  1138 | D:3      | Noticed Regeox's ghost (amateur HOGl)
  1371 | D:3      | Found a shadowy altar of Dithmenos.
  1535 | D:4      | Reached skill level 1 in Armour
  1535 | D:4      | Reached skill level 6 in Necromancy
  1677 | D:4      | Found a bloodstained altar of Trog.
  1685 | D:4      | Got a crystal dagger
  1686 | D:4      | Identified the +6 dagger "Igearphoaj" {freeze, rElec rC- Int+6 SInv} (You found it on level 4 of the Dungeon)
  1799 | D:4      | Reached XP level 5. HP: 38/42 MP: 4/8
  2023 | D:4      | Reached skill level 7 in Necromancy
  2050 | D:5      | Entered Level 5 of the Dungeon
  2114 | D:5      | Found a sacrificial altar of Ru.
  2162 | D:5      | Noticed an ogre
  2177 | D:5      | Killed an ogre
  2177 | D:5      | Reached XP level 6. HP: 45/49 MP: 0/9
  2225 | D:5      | Reached skill level 8 in Necromancy
  2282 | D:5      | Found a sand-covered staircase.
  2358 | Ossuary  | Entered an ossuary
  2408 | Ossuary  | Reached skill level 1 in Fighting
  2408 | Ossuary  | Reached XP level 7. HP: 34/57 MP: 10/10
  3051 | D:6      | Found a staircase to the Ecumenical Temple.
  3260 | D:5      | Reached XP level 8. HP: 27/73 MP: 5/12
  3346 | Temple   | Entered the Ecumenical Temple
  3523 | Temple   | Became a worshipper of Gozag Ym Sagoz the Greedy
  3702 | D:6      | Found a shattered altar of Ashenzari.
  4491 | D:2      | Killed Sigmund
  4637 | D:2      | Killed Robin
  4648 | D:2      | Noticed Natasha
  4655 | D:2      | Killed Natasha
  4697 | D:2      | Noticed Natasha
  4705 | D:2      | Killed Natasha
  4743 | D:2      | Found an ancient bone altar of Kikubaaqudgha.
  5152 | D:1      | Reached skill level 5 in Spellcasting
  6368 | D:6      | Found a shimmering altar of Xom.
  6718 | D:7      | Noticed a hippogriff
  6726 | D:7      | Killed a hippogriff
  6726 | D:7      | Gained mutation: You passively map the area around you. [Deep Dwarf growth]
  6726 | D:7      | Reached XP level 9. HP: 40/79 MP: 6/19
  6755 | D:7      | Noticed Menkaure
  6773 | D:7      | Slain by Menkaure

Skill      XL: |  1  2  3  4  5  6  7  8 |
---------------+-------------------------+-----
Spellcasting   | 2 3 7 |  7.1
Necromancy     | 5 6 7 8 |  8.6
Armour         | 1 |  1.8
Fighting       | 1 4 |  4.4
Dodging        | |  2.1
Stealth        | |  2.4

Action                   |  1- 3 |  4- 6 |  7- 9 || total
-------------------------+-------+-------+-------++-------
Melee: Unarmed           |     4 |       |       ||     4
       Dagger            |       |    40 |   220 ||   260
Throw: Javelin           |     1 |    10 |    74 ||    85
 Cast: Pain              |    33 |    28 |   106 ||   167
       Vampiric Draining |     3 |     8 |    27 ||    38
Evoke: Wand              |       |     1 |     2 ||     3
  Use: Scroll            |       |     5 |       ||     5
       Potion            |       |       |     1 ||     1
 Stab: Sleeping          |       |     1 |     3 ||     4
       Distracted        |       |       |     1 ||     1
  Eat: Chunk             |     2 |     5 |     2 ||     9
       Fruit             |       |       |     8 ||     8
       Meat ration       |       |       |     1 ||     1
Armor: Ring mail         |    12 |    25 |    93 ||   130
Dodge: Dodged            |    11 |    30 |   124 ||   165
       Deflected         |       |     1 |     2 ||     3
